 Dungeon Crawl Stone Soup version 0.18-a0-1778-gadce9fa (webtiles) character file.

156027 manon the Severer (level 17, -2/151 HPs)
             Began as a Hill Orc Fighter on Apr 15, 2016.
             Was the Champion of the Shining One.
             Killed by angry trees
             ... awakened by a spriggan druid
              (11 damage)
             ... on level 1 of the Swamp on Apr 16, 2016.
             The game lasted 05:00:38 (28781 turns).

manon the Severer (Hill Orc Fighter)               Turns: 28781, Time: 05:00:38

Health: -2/151     AC: 36    Str: 28    XL:     17   Next: 66%
Magic:  16/27      EV:  9    Int:  8    God:    the Shining One [******]
Gold:   2184       SH: 27    Dex: 13    Spells: 0 memorised, 16 levels left

rFire  . . .     SeeInvis +     a - +7 broad axe (holy)
rCold  + + .     Gourm    .     W - +4 chain mail {rPois}
rNeg   + + +     Faith    .     c - +0 shield
rPois  +         Spirit   .     z - +1 hat of Idealism {*Contam Str+2 Dex+3 SInv}
rElec  .         Dismiss  .     m - +2 cloak {rC+}
rCorr  .         Reflect  .     K - +2 pair of gloves
SustAt .         Harm     .     X - +0 pair of boots
MR     +....                    g - amulet of regeneration
Stlth  ..........               u - ring of Robustness {AC+8}
                                w - ring of protection from cold

@: divine shield, flying, glowing, somewhat resistant to hostile enchantments,
extremely unstealthy
A: no striking features
a: Divine Shield, Cleansing Flame, Summon Divine Warrior, Renounce Religion


You were on level 1 of the Swamp.
You worshipped the Shining One.
The Shining One was exalted by your worship.
You were not hungry.

You visited 4 branches of the dungeon, and saw 26 of its levels.
You also visited: Sewer and Ice Cave.

You collected 2907 gold pieces.
You spent 723 gold pieces at shops.

Inventory:

Hand Weapons
 a - a +7 broad axe of holy wrath (weapon)
 b - the +2 morningstar of the Crypt {crush, rF+}
   (You found it on level 7 of the Lair of Beasts)

   It inflicts extra damage upon your enemies.
   It protects you from fire.
Missiles
 v - 4 throwing nets (quivered)
Armour
 c - a +0 shield (worn)
 m - a +2 cloak of cold resistance (worn)
 z - the +1 hat of Idealism (worn) {*Contam Str+2 Dex+3 SInv}
   (You acquired it on level 2 of the Orcish Mines)

   It affects your strength (+2).
   It affects your dexterity (+3).
   It lets you see invisible.
   It causes magical contamination when unequipped.
 K - a +2 pair of gloves (worn)
 W - a +4 chain mail of poison resistance (worn)
 X - a +0 pair of boots (worn)
Jewellery
 g - an amulet of regeneration (around neck)
 n - an uncursed ring of flight
 u - the ring of Robustness (right hand) {AC+8}
   (You found it on level 8 of the Dungeon)

   [ring of protection]

   It affects your AC (+8).
 w - a ring of protection from cold (left hand)
 C - a +3 amulet of reflection
 M - an uncursed ring of protection from magic
 O - an uncursed ring of wizardry
Wands
 k - a wand of iceblast (7/15)
 l - a wand of disintegration (24/24)
 R - a wand of teleportation (2/9)
 S - a wand of flame (26/48)
Scrolls
 d - a scroll of summoning {unknown}
 h - a scroll of fear
 i - 7 scrolls of remove curse
 j - 5 scrolls of teleportation
 q - 11 scrolls of identify
 B - 2 scrolls of fog
 E - 2 scrolls of torment {unknown}
 H - a scroll of amnesia {unknown}
 J - 2 scrolls of enchant armour
 N - a scroll of holy word {unknown}
 P - 6 scrolls of blinking
 Q - 4 scrolls of recharging
Potions
 e - 3 potions of curing
 t - 4 potions of agility
 F - 5 potions of flight
 G - a potion of cancellation {unknown}
 I - a potion of magic {unknown}
 T - a potion of cure mutation {unknown}
 U - 2 potions of haste
 Z - 2 potions of brilliance
Miscellaneous
 f - a lamp of fire
 x - an ornate deck of changes
Comestibles
 o - 11 meat rations
 y - 11 bread rations


   Skills:
 + Level 13.7 Fighting
 + Level 19.3 Axes
 * Level 16.3 Armour
 + Level 16.7 Shields
 + Level 14.6 Invocations
 + Level 1.7 Evocations


You had 16 spell levels left.
You didn't know any spells.

Dungeon Overview and Level Annotations

Branches:
Dungeon (15/15)              Lair (8/8) D:9           Swamp (1/4) Lair:6
 Spider (0/4) Lair:4        Slime (0/6) Lair:7          Orc (2/2) D:11
    Elf (0/3) Orc:2        Vaults (0/5) D:13         Depths (0/5) D:15
 Temple: D:4-7

Altars:
Cheibriados
Gozag
Kikubaaqudgha
Qazlal
Sif Muna
Trog
Vehumet
Xom
Yredelemnul
Zin
The Shining One
Beogh

Shops:
D:4 %   D:5 !   Orc:1 *   Orc:2 (??[(

Portals:
Trove: D:11 (give +3 storm dragon armour)

Annotations:
D:4 skk's ghost, amateur DsFi
D:7 ShansongY's ghost, novice HOAK


Message History

The spriggan druid resists with almost no effort.
The spiny frog looks frightened!
Your angel is unaffected.
The giant leech looks frightened!
The alligator resists with some effort.
The giant leech looks frightened!
You feel sick. A root smacks your angel from below.
You are hit by a branch!
* * * LOW HITPOINT WARNING * * *
Your angel hits the giant leech with a sacred scourge of holy wrath!
Your angel barely misses the giant leech.
The spriggan druid completely misses your angel.
Your angel gestures.
Your angel is healed somewhat.
Drink which item? (? for menu, Esc to quit)
You feel better.
Your angel is hit by a branch!
You are hit by a branch!
The Shining One protects you from harm!
Your angel gestures.
Your angel is healed somewhat.
The spriggan druid hits your angel with a quarterstaff!
A root smacks your angel from below. A tree reaches out and hits you!
You die...

♣♣** *♣♣≈≈♣♣♣* ***≈≈≈≈w≈≈♣♣♣
**≈≈≈...≈≈≈≈≈♣♣♣
*,,,....F..iA†≈♣♣♣ ♣♣♣♣♣
**+*.....t♣♣)≈@≈≈♣♣♣♣♣♣♣♣≈≈§♣♣♣
*,*.....**♣♣♣≈w≈≈≈≈≈≈♣♣≈)≈≈≈≈≈
***..##** ♣♣♣§≈≈≈≈≈≈≈≈≈..♣♣♣
**#,+,,* ♣♣♣♣♣♣.≈≈≈.♣♣♣ ♣
*,*,*,,* ♣♣♣♣♣♣♣ ♣♣♣ *,+,****
♣≈≈ ***** ♣♣♣♣ ♣♣♣♣ ♣≈. ♣♣..♣♣♣
♣♣.(♣♣♣≈. ♣♣♣♣♣.≈≈..♣♣
♣..≈♣≈...


You could see 2 giant leeches, a spriggan druid, a spiny frog (fleeing) and a
friendly angel.

Vanquished Creatures
  Rupert (Lair:3)
  An Ice Fiend (IceCv)
  A shadow dragon (D:15)
  2 tengu reavers (D:15)
  A storm dragon (D:15)
  2 orc warlords
  Maud (Lair:5)
  The ghost of Moloch the Crack Shot, a journeyman CeBe of Trog (Orc:1)
  A stone giant (D:15)
  The ghost of GrandHerb the Archer, a journeyman CeHu of Qazlal (Orc:1)
  8 vault guards (D:13)
  A yaktaur captain (D:15)
  Harold (D:11)
  Erolcha (D:11)
  Fannar (Orc:1)
  13 hydras
  A catoblepas (Lair:8)
  The ghost of axujen the Unseen, a journeyman SpCK of Xom (Lair:2)
  A death knight (D:15)
  A queen ant (Lair:8)
  2 alligators (Swamp:1)
  11 centaur warriors
  11 death yaks
  A deep troll shaman (Lair:8)
  Urug (Lair:4)
  2 tengu warriors (D:15)
  A spriggan berserker (Swamp:1)
  2 orc high priests (Orc:2)
  A shadow wraith (D:15)
  3 unseen horrors (D:15)
  4 hill giants
  A deep elf archer (D:15)
  Pikel (D:9)
  2 wizards (D:15)
  A phantasmal warrior (D:15)
  3 orc knights
  A wolf spider (D:15)
  20 ugly things
  2 cyclopes
  3 manticores (D:15)
  34 elephants
  3 griffons
  2 deep elf magi
  6 orc sorcerers
  A guardian serpent (shapeshifter) (D:15)
  An ice statue (IceCv)
  3 black mambas
  A black mamba (shapeshifter) (D:15)
  2 gargoyles (D:11)
  2 torpor snails
  10 spiny frogs
  4 freezing wraiths (IceCv)
  4 anaconda simulacra (IceCv)
  15 komodo dragons
  A rime drake (Lair:8)
  A komodo dragon (shapeshifter) (D:15)
  A redback zombie (D:15)
  2 efreet (D:15)
  4 ice devils (IceCv)
  2 spriggan druids
  6 polar bears
  2 wolf spider simulacra
  A giant leech (Lair:5)
  2 two-headed ogres
  10 blink frogs
  9 trolls
  Prince Ribbit (D:9)
  8 slime creatures
  2 bog bodies (Swamp:1)
  A boulder beetle (D:15)
  4 centaur simulacra
  2 vampires
  4 shadows
  48 yaks
  4 spriggans
  2 wraiths
  2 wyverns
  5 basilisks
  11 vampire mosquitoes
  4 hungry ghosts
  6 hippogriffs
  A death yak simulacrum (IceCv)
  2 iron troll simulacra (IceCv)
  2 mottled dragons
  8 insubstantial wisps (Swamp:1)
  2 wargs (Orc:2)
  4 harpy simulacra (IceCv)
  4 soldier ants
  12 porcupines
  5 hydra simulacra (IceCv)
  A swamp worm (Lair:6)
  18 water moccasins
  A hornet simulacrum (D:14)
  Duvessa (D:6)
  A swamp drake (Swamp:1)
  2 sky beasts
  3 wasps (Swamp:1)
  An eye of draining (D:15)
  45 orc warriors
  4 black bears
  6 ice beasts
  A phantom (D:10)
  An alligator simulacrum (IceCv)
  2 necrophages
  A slave (D:9)
  16 ogres
  A boggart (D:15)
  22 wolves
  21 crocodiles
  3 centaurs
  8 big kobolds
  21 giant frogs
  Dowan (D:6)
  5 scorpions
  5 jellies
  3 killer bees (D:12)
  A swamp dragon simulacrum (IceCv)
  A wight (D:15)
  3 howler monkeys
  2 electric eels
  8 centaur zombies
  4 giant frog zombies
  11 crimson imps
  4 draconian simulacra (IceCv)
  2 quasits
  3 hounds
  21 orc priests
  10 centaur skeletons
  29 orc wizards
  A giant frog skeleton (D:5)
  9 iguanas
  3 troll simulacra (IceCv)
  28 worker ants
  A spriggan simulacrum (IceCv)
  18 sheep
  A hound zombie (D:6)
  2 worker ant zombies
  A hound skeleton (D:4)
  6 gnolls
  12 adders
  6 naga simulacra (IceCv)
  2 ogre simulacra (IceCv)
  91 river rats
  3 shadow imps
  2 white imps (IceCv)
  7 ufetubi (IceCv)
  2 oozes
  An adder zombie (D:6)
  A worm (D:3)
  3 dart slugs
  2 giant geckos
  110 orcs
  6 giant cockroaches
  2 gnoll zombies (D:6)
  13 goblins
  7 hobgoblins
  3 jackals (D:1)
  8 quokkas
  17 bats
  3 giant newts
  22 kobolds
  2 quokka skeletons (D:5)
  6 rats
  7 fungi
  A plant (Lair:8)
1089 creatures vanquished.

Vanquished Creatures (collateral kills)
  A spiny frog (Swamp:1)
1 creature vanquished.

Vanquished Creatures (others)
  Nessos (D:14)
  A spiny frog (Swamp:1)
  A shadow (Swamp:1)
  A slave (D:9)
  2 white imps (IceCv)
  2 orcs (Orc:2)
  2 kobolds
  43 fungi
  17 plants
70 creatures vanquished.

Grand Total: 1160 creatures vanquished

Notes
Turn   | Place    | Note
--------------------------------------------------------------
     0 | D:1      | manon the Hill Orc Fighter began the quest for the Orb.
     0 | D:1      | Reached XP level 1. HP: 19/19 MP: 1/1
     1 | D:1      | Noticed an electric eel
    90 | D:1      | Reached skill level 3 in Axes
   229 | D:1      | Found a glowing golden altar of the Shining One.
   257 | D:1      | Became a worshipper of the Shining One
   284 | D:1      | Reached XP level 2. HP: 26/26 MP: 2/2
   626 | D:1      | Reached XP level 3. HP: 30/31 MP: 3/3
   962 | D:2      | Reached skill level 4 in Axes
  1458 | D:3      | Reached XP level 4. HP: 19/39 MP: 4/4
  1731 | D:3      | Reached skill level 5 in Axes
  1731 | D:3      | Reached XP level 5. HP: 22/45 MP: 5/5
  1931 | D:3      | Found a deep blue altar of Sif Muna.
  2331 | D:3      | Found a shimmering altar of Xom.
  2351 | D:3      | Reached * piety under the Shining One
  2577 | D:3      | Reached skill level 6 in Axes
  2577 | D:3      | Reached XP level 6. HP: 51/51 MP: 6/6
  2856 | D:4      | Reached skill level 7 in Axes
  2856 | D:4      | Reached XP level 7. HP: 57/57 MP: 7/7
  2859 | D:4      | Found Irribota's Food Shop.
  2859 | D:4      | Noticed a hungry ghost
  2860 | D:4      | Noticed skk's ghost (amateur DsFi)
  2881 | D:4      | Reached skill level 5 in Armour
  2881 | D:4      | Reached skill level 5 in Shields
  2924 | D:4      | Killed a hungry ghost
  3123 | D:3      | Reached skill level 8 in Axes
  3263 | D:5      | Entered Level 5 of the Dungeon
  3412 | D:5      | Reached XP level 8. HP: 59/64 MP: 8/8
  3454 | D:5      | Found Suc Gimn's Distillery.
  3464 | D:5      | Reached skill level 9 in Axes
  3477 | D:5      | Bought a potion of degeneration for 12 gold pieces
  3549 | D:5      | Reached ** piety under the Shining One
  3799 | D:5      | Found a radiant altar of Vehumet.
  4012 | D:6      | Found an opulent altar of Gozag.
  4026 | D:6      | Found a glowing drain.
  4049 | Sewer    | Entered a sewer
  4095 | Sewer    | Reached skill level 10 in Axes
  4171 | D:6      | Noticed Duvessa
  4173 | D:6      | Noticed Dowan
  4180 | D:6      | Killed Duvessa
  4184 | D:6      | Reached XP level 9. HP: 70/70 MP: 9/9
  4188 | D:6      | Killed Dowan
  4224 | D:6      | Reached skill level 11 in Axes
  4270 | D:6      | Found a basalt altar of Yredelemnul.
  4498 | D:7      | Found a glowing silver altar of Zin.
  4498 | D:7      | Found a shimmering altar of Xom.
  4498 | D:7      | Noticed an angel
  4498 | D:7      | Noticed ShansongY's ghost (novice HOAK)
  4816 | D:7      | Reached *** piety under the Shining One
  5016 | D:8      | Found a flagged portal.
  5136 | D:8      | Reached skill level 12 in Axes
  5366 | D:8      | Got a crystal dagger
  5474 | D:8      | Identified the +9 dagger of Atzuoh {freeze, rC+ rN+ Stlth-} (You found it on level 8 of the Dungeon)
  5697 | D:8      | Reached skill level 1 in Invocations
  5863 | D:9      | Noticed a two-headed ogre
  5871 | D:9      | Killed a two-headed ogre
  5871 | D:9      | Reached XP level 10. HP: 55/78 MP: 9/11
  5982 | D:9      | Found a staircase to the Lair.
  5989 | D:9      | Found an ancient bone altar of Kikubaaqudgha.
  6008 | D:9      | Noticed Pikel
  6045 | D:9      | Killed Pikel
  6045 | D:9      | Reached skill level 13 in Axes
  6430 | D:9      | Noticed Prince Ribbit
  6477 | D:9      | Killed Prince Ribbit
  6559 | Lair:1   | Entered Level 1 of the Lair of Beasts
  6611 | Lair:1   | Reached skill level 5 in Fighting
  6905 | Lair:1   | Noticed a spiny frog
  6914 | Lair:1   | Killed a spiny frog
  7007 | Lair:1   | Noticed a seven-headed hydra
  7511 | Lair:1   | Reached skill level 14 in Axes
  7511 | Lair:1   | Reached XP level 11. HP: 57/89 MP: 14/14
  7512 | Lair:1   | Upgraded the game from 0.18-a0-1774-gce1f7b6 to 0.18-a0-1778-gadce9fa
  7706 | Lair:1   | Reached skill level 5 in Invocations
  8229 | Lair:2   | Noticed axujen's ghost (journeyman SpCK)
  8278 | Lair:2   | Killed axujen's ghost
  8344 | Lair:2   | Reached **** piety under the Shining One
  8577 | Lair:2   | Reached skill level 15 in Axes
  8648 | Lair:2   | Noticed a seven-headed hydra
  9171 | Lair:3   | Noticed Rupert
  9172 | Lair:3   | Paralysed by Rupert for 4 turns
  9207 | Lair:3   | Killed Rupert
  9207 | Lair:3   | Reached skill level 10 in Shields
  9207 | Lair:3   | Reached XP level 12. HP: 22/100 MP: 15/17
  9600 | Lair:2   | Reached skill level 10 in Armour
 10680 | Lair:4   | Noticed a five-headed hydra
 10705 | Lair:3   | Killed a five-headed hydra
 11092 | Lair:4   | Noticed Urug
 11449 | Lair:4   | Killed Urug
 11699 | Lair:4   | Found a hole to the Spider Nest.
 11771 | Lair:4   | You fall through a shaft!
 12572 | Lair:5   | Reached XP level 13. HP: 83/111 MP: 19/19
 12770 | Lair:5   | Noticed Maud
 12799 | Lair:5   | Killed Maud
 13263 | Lair:6   | Reached skill level 16 in Axes
 14674 | Lair:6   | Found a staircase to the Swamp.
 14812 | Lair:6   | Reached skill level 10 in Invocations
 15099 | Lair:7   | Got an ivory morningstar
 15100 | Lair:7   | Identified the cursed +2 morningstar of the Crypt {crush, rF+} (You found it on level 7 of the Lair of Beasts)
 15157 | Lair:7   | Found a staircase to the Slime Pits.
 15472 | Lair:7   | Reached skill level 10 in Fighting
 15921 | Lair:8   | Entered Level 8 of the Lair of Beasts
 16338 | Lair:8   | Reached XP level 14. HP: 120/121 MP: 21/21
 17703 | Lair:8   | Reached skill level 17 in Axes
 17750 | Lair:8   | Got a warped war axe
 17754 | Lair:8   | Identified the +4 war axe "Dighulef" {chop, *Noise +Blink Dex+2} (You found it on level 8 of the Lair of Beasts)
 18705 | Lair:8   | Reached XP level 15. HP: 130/130 MP: 23/23
 19102 | D:10     | Entered Level 10 of the Dungeon
 19395 | D:10     | Reached skill level 15 in Shields
 20138 | D:11     | Noticed Harold
 20352 | D:11     | Killed Harold
 20360 | D:11     | Found a portal to a secret trove of treasure.
 20387 | D:11     | Noticed Erolcha
 20397 | D:11     | Killed Erolcha
 20403 | D:11     | Found a stormy altar of Qazlal.
 20518 | D:11     | Found a staircase to the Orcish Mines.
 20629 | D:11     | Reached ***** piety under the Shining One
 20855 | Orc:1    | Entered Level 1 of the Orcish Mines
 20860 | Orc:1    | Noticed Moloch's ghost (journeyman CeBe)
 20884 | Orc:1    | Killed Moloch's ghost
 20985 | Orc:1    | Noticed Fannar
 21011 | Orc:1    | Killed Fannar
 21110 | Orc:2    | Entered Level 2 of the Orcish Mines
 21110 | Orc:2    | Noticed an orc warlord
 21138 | Orc:1    | Killed an orc warlord
 21295 | Orc:2    | Found Jadwinla's Magic Scroll Emporium.
 21328 | Orc:2    | Found a staircase to the Elven Halls.
 21399 | Orc:2    | Found a roughly hewn altar of Beogh.
 21602 | Orc:2    | Found a roughly hewn altar of Beogh.
 21602 | Orc:2    | Found Sofie's Magic Scroll Shop.
 21680 | Orc:2    | Found a roughly hewn altar of Beogh.
 21698 | Orc:2    | Found a roughly hewn altar of Beogh.
 21744 | Orc:2    | Found a roughly hewn altar of Beogh.
 21752 | Orc:2    | Found Vicij's Antique Weapon Emporium.
 22219 | Orc:2    | Noticed an orc warlord
 22254 | Orc:2    | Killed an orc warlord
 22441 | Orc:2    | Reached skill level 18 in Axes
 22473 | Orc:2    | Found a roughly hewn altar of Beogh.
 22473 | Orc:2    | Found Jeotiam's Antique Weapon Emporium.
 22477 | Orc:2    | Found Maxkagych's Antique Armour Shoppe.
 22485 | Orc:2    | Bought a runed helmet for 139 gold pieces
 22539 | Orc:2    | Bought a scroll of acquirement for 572 gold pieces
 22540 | Orc:2    | Got a dazzling hat
 22551 | Orc:2    | Identified the +1 hat of Idealism {*Contam Str+2 Dex+3 SInv} (You acquired it on level 2 of the Orcish Mines)
 22592 | Orc:1    | Noticed GrandHerb's ghost (journeyman CeHu)
 22612 | Orc:1    | Killed GrandHerb's ghost
 22685 | Orc:1    | Found Kauffiug's General Store.
 22704 | Orc:1    | Paralysed by an orc sorcerer for 5 turns
 23789 | D:13     | Found a gate to the Vaults.
 23818 | D:13     | Reached XP level 16. HP: 133/140 MP: 25/25
 24515 | D:14     | Noticed Nessos
 24525 | D:14     | Killed Nessos
 25381 | D:15     | Entered Level 15 of the Dungeon
 25730 | D:15     | Found a snail-covered altar of Cheibriados.
 25730 | D:15     | Found a bloodstained altar of Trog.
 25731 | D:15     | Found a radiant altar of Vehumet.
 25763 | D:15     | Reached ****** piety under the Shining One
 25843 | D:15     | Reached skill level 15 in Armour
 26314 | D:15     | Noticed a tengu reaver
 26337 | D:15     | Killed a tengu reaver
 26348 | D:15     | Noticed a tengu reaver
 26363 | D:15     | Killed a tengu reaver
 26757 | D:15     | Reached XP level 17. HP: 105/150 MP: 27/27
 26984 | D:15     | Reached skill level 19 in Axes
 27515 | D:15     | Found a staircase to the Depths.
 27882 | Swamp:1  | Entered Level 1 of the Swamp
 27885 | Swamp:1  | Found a frozen archway.
 27906 | IceCv    | Entered an ice cave
 27938 | IceCv    | Identified a +7 broad axe of holy wrath (a +5 broad axe blessed by the Shining One)
 27938 | IceCv    | Received a gift from the Shining One
 28319 | IceCv    | Noticed an Ice Fiend
 28344 | IceCv    | Killed an Ice Fiend
 28493 | Swamp:1  | Reached skill level 1 in Evocations
 28775 | Swamp:1  | HP: 3/151 [spriggan druid/angry trees (14)]
 28780 | Swamp:1  | The Shining One protects you from harm!
 28781 | Swamp:1  | Killed from afar by a spriggan druid

Vault maps used:
D:1:      arrival_aquarium_a, minmay_door_square, tso_metal_star
D:2:      kennysheep_decorative_pillar, kennysheep_pointless_box
D:3:      kennysheep_the_goblin_king, lemuel_blue_sif_altar, first_bread,
          led_xom_imps
D:4:      kennysheep_slug_shrine, minmay_temple_entry_poolview, serial_shops,
          nicolae_shop_scaring_up_business
D:5:      nicolae_overflow_hidden_temple, serial_shops, nicolae_shop_crystal
D:6:      grunt_gozag_statues, lemuel_zombie_altar_yredelemnul,
          gup_sewer_entry_glass, uniq_duvessa
D:7:      grunt_temple_overflow_order_and_chaos_1
D:8:      enter_bailey_3, special_room
D:9:      nicolae_overflow_crystal_walls, lair_0_dummy, uniq_pikel,
          uniq_prince_ribbit1
D:10:     the_bakery
D:11:     david_orc_2, nicolae_trove_entry_crossroad,
          nicolae_qazlal_general_emergency, uniq_erolcha, uniq_harold
D:13:     erik_vaults_2
D:14:     minmay_staircase_windowed_large, grunt_ministairs_4, uniq_nessos
D:15:     hangedman_slaughterboxes
Lair:1:   lemuel_fruit_fields
Lair:2:   lemuel_fruit_tree
Lair:3:   infiniplex_staircase_pool_2, uniq_rupert
Lair:4:   spider_nest_entry_web_field, st_stairs_13, kilobyte_rumbling_trees,
          uniq_urug
Lair:5:   nicolae_quartered_pool_little, uniq_maud
Lair:6:   minmay_swamp_entry_worms
Lair:7:   slime_dummy
Lair:8:   grunt_lair_end_beastmaster, st_stairs_6, minmay_another_anthill
Swamp:1:  cheibrodos_swamp_heart_of_darkness, portal_ice_cave_entry_pillars_02,
          serial_swamp_ruin, evilmike_swamp_ruin_house_4,
          evilmike_swamp_ruin_rubble_1, swamp_pool1
Orc:1:    serial_shops, nicolae_shop_crystal, uniq_fannar
Orc:2:    grunt_orc_community_town_hall, grunt_orc_community_big_house_1,
          grunt_orc_community_big_house_1, grunt_orc_community_house_1,
          grunt_orc_community_house_2, grunt_orc_community_house_3,
          grunt_orc_community_house_1, grunt_orc_community_house_1,
          grunt_orc_community_house_1, serial_shops,
          nicolae_shop_window_shopping, mines_bat_river
Sewer:    sewer_big_baddie
IceCv:    ice_cave_caverns_02

Skill      XL: |  1  2  3  4  5  6  7  8  9 10 11 12 13 14 15 16 17 |
---------------+----------------------------------------------------+-----
Axes           | 3 4 5 6 7 8 10 12 14 15 16 17 18 19 | 19.3
Shields        | 4 5 6 8 9 10 11 13 14 15 16 | 16.7
Armour         | 4 5 6 8 9 10 11 12 14 15 16 | 16.3
Invocations    | 1 4 7 9 10 11 13 14 | 14.6
Fighting       | 5 7 9 10 11 12 13 | 13.7
Evocations     | 1 |  1.7

Action                   |  1- 3 |  4- 6 |  7- 9 | 10-12 | 13-15 | 16-18 || total
-------------------------+-------+-------+-------+-------+-------+-------++-------
Melee: War axe           |   141 |    93 |   358 |   737 |  1248 |       ||  2577
       Morningstar       |       |       |       |    18 |    56 |    18 ||    92
       Broad axe         |       |       |       |       |   457 |   800 ||  1257
Throw: Tomahawk          |     5 |     4 |     6 |    30 |       |       ||    45
       Javelin           |       |       |       |    27 |    99 |     3 ||   129
Invok: Divine Shield     |       |       |       |     6 |    23 |     6 ||    35
       Cleansing Flame   |       |       |       |     1 |       |     1 ||     2
       Summon Divine War |       |       |       |       |       |     1 ||     1
       Brand Weapon With |       |       |       |       |       |     1 ||     1
Evoke: Wand              |       |       |     2 |     7 |       |       ||     9
  Use: Potion            |       |       |     3 |    12 |       |    10 ||    25
       Scroll            |       |       |     3 |     9 |    15 |     5 ||    32
 Stab: Petrified         |       |       |       |       |     3 |       ||     3
       Distracted        |       |       |       |       |       |     1 ||     1
  Eat: Chunk             |     1 |     4 |    10 |    18 |    22 |     6 ||    61
       Fruit             |       |     2 |     3 |     8 |     3 |     3 ||    19
       Beef jerky        |       |       |       |     1 |     5 |     2 ||     8
       Pizza             |       |       |       |       |     3 |     1 ||     4
       Bread ration      |       |       |       |       |     1 |     1 ||     2
       Royal jelly       |       |       |       |       |       |     1 ||     1
Armor: Scale mail        |    53 |    26 |   101 |   178 |     3 |       ||   361
       Chain mail        |       |       |       |       |   617 |   327 ||   944
Dodge: Dodged            |    34 |    20 |    77 |   122 |   301 |   144 ||   698
Block: Shield            |    82 |    64 |   237 |   460 |  1319 |   566 ||  2728
       Reflection        |       |     4 |     8 |     3 |    26 |    31 ||    72
